 Dungeon Crawl Stone Soup version 0.30-a0-778-g2ef04afb54 (webtiles) character file.

Game seed: 12065637418143187458

674 xian the Cudgeller (level 7, -4/60 HPs)
             Began as a Minotaur Gladiator on Feb 17, 2023.
             Was an Initiate of Qazlal.
             Succumbed to a hornet's poison
             ... on level 4 of the Dungeon.
             The game lasted 00:13:16 (4112 turns).

xian the Cudgeller (Minotaur Gladiator)             Turns: 4112, Time: 00:13:16

Health: -4/60      AC:  9    Str: 21    XL:     7   Next: 33%
Magic:  6/6        EV:  9    Int:  5    God:    Qazlal [......]
Gold:   350        SH:  0    Dex: 11    Spells: 6/6 levels left

rFire   . . .      SeeInvis .    a - +0 flail
rCold   . . .      Faith    .    (no shield)
rNeg    . . .      Spirit   .    p - +0 chain mail
rPois   .          Reflect  .    c - +0 hat
rElec   .          Harm     .    (no cloak)
rCorr   .          Rampage  .    (no gloves)
Will    .....                    (no boots) Stlth
                                 (no amulet)
HPRegen 0.30/turn                (no ring)
MPRegen 0.10/turn                (no ring)

@: lethally poisoned (-4 -> -20), hasted, very quick
A: horns 2, retaliatory headbutt
a: Renounce Religion


You were on level 4 of the Dungeon.
You worshipped Qazlal.
Qazlal was noncommittal.
You visited 2 branches of the dungeon, and saw 6 of its levels.
You also visited: Sewer.

You collected 350 gold pieces.

Inventory:

Hand Weapons
 a - a +0 flail (weapon)
 w - a +0 scythe
Missiles
 b - 29 stones (quivered)
 d - 3 throwing nets
 o - 8 poisoned darts
 u - 7 boomerangs
Armour
 c - a +0 hat (worn)
 f - a +0 ring mail
 p - a +0 chain mail (worn)
Magical Staves
 m - a staff of fire
Scrolls
 g - a scroll of immolation
 k - a scroll of amnesia
 l - a scroll of silence
 n - 2 scrolls of vulnerability {unknown}
 s - 2 scrolls of enchant weapon {unknown}
 t - a scroll of fear {unknown}
 x - a scroll of summoning
Potions
 h - 2 potions of lignification
 i - 2 potions of might {unknown}
 j - 2 potions of haste
 q - 2 potions of brilliance {unknown}
 v - 2 potions of mutation {unknown}
 z - a potion of degeneration {unknown}


   Skills:
 + Level 4.4 Fighting
 + Level 6.9 Maces & Flails
 + Level 2.4 Throwing
 + Level 5.0 Armour
 + Level 4.4 Dodging
 + Level 0.6 Stealth


You had 6 spell levels left.
You didn't know any spells.
Your spell library contained the following spells:

 Spells                   Type           Power      Damage    Failure   Level
 Necrotise                Necr           0%         1d4       99%         1
 Ensorcelled Hibernation  Hex/Ice        0%         N/A       100%        2
 Passwall                 Tmut/Erth      0%         N/A       100%        2
 Swiftness                Air            0%         N/A       100%        3
 Vampiric Draining        Necr           0%         2d6       100%        3
 Agony                    Necr           0%         N/A       100%        5


Dungeon Overview and Level Annotations

Branches:
Dungeon (5/15)             Temple (1/1) D:4           Sewer (visited)

Altars:
Ashenzari
Cheibriados
Fedhas
Gozag
Hepliaklqana
Nemelex Xobeh
Qazlal
Vehumet
Wu Jian
Zin


Innate Abilities, Weirdness & Mutations

You have a pair of horns on your head.
You reflexively headbutt those who attack you in melee.


Message History

You throw a javelin. The javelin closely misses the orc.
The javelin pierces through the hornet.
The hornet is lightly wounded.
The orc hits you but does no damage. The hornet barely misses you.
You furiously retaliate!
You headbutt the hornet. The orc hits you with a +0 whip.
Found a runed ivory wand.
The hornet stings you!
You feel yourself slow down.
You throw a javelin. The javelin closely misses the hornet.
The javelin pierces through the orc.
You kill the orc!
Qazlal accepts your kill.
You feel yourself speed up. The hornet stings you!
You are poisoned.
You suddenly lose the ability to move!
The hornet stings you but does no damage.
The hornet stings you.
You feel yourself slow down.
You can move again.
You throw a javelin. The javelin closely misses the hornet.
You feel yourself speed up.
You feel very sick. The hornet closely misses you.
The hornet barely misses you. The hornet stings you!
You feel yourself slow down.
There's nothing to close nearby.
You aren't carrying any items that you can evoke.
It was a potion of magic.
Magic courses through your body.
You feel yourself speed up.
You feel sick. The hornet stings you.
* * * LOW HITPOINT WARNING * * *
You are lethally poisoned!
You feel yourself slow down. The hornet stings you!
* * * LOW HITPOINT WARNING * * *
You suddenly lose the ability to move!
You can move again.
Okay, then.
It was a potion of haste.
You feel yourself speed up.
You feel yourself speed up.
You die...

#..# ....# ######## #..#
....
.......###..####^####.
#.....................
######...............###
.########.####...>##.../
........................
.###...........#........
..........##(.)y@.##.
###.._....#..#.##.#
.###........##(.#.#
.............##.#.#
.###.......#......# .#
#^......####.#... ##
#.......# #.##.... #
#.......# #.. ..$? #
#######.## ##. ...


You could see a hornet.

Vanquished Creatures
  Sigmund (D:3)
  Menkaure (D:4)
  2 bullfrogs (Sewer)
  A necrophage (D:2)
  12 adders
  A worm (D:2)
  2 dart slugs (D:2)
  6 orcs
  5 endoplasms
  12 giant cockroaches
  12 hobgoblins
  6 jackals (D:2)
  8 kobolds
  6 quokkas
  8 ball pythons
  6 bats
  9 frilled lizards
  4 goblins
  3 rats
105 creatures vanquished.

Notes
Turn   | Place    | Note
-------+----------+-------------------------------------------
     0 | D:1      | xian the Minotaur Gladiator began the quest for the Orb.
     0 | D:1      | Reached XP level 1. HP: 18/18 MP: 0/0
   271 | D:1      | Reached XP level 2. HP: 25/25 MP: 1/1
   289 | D:1      | Reached skill level 4 in Maces & Flails
   933 | D:2      | Found a faded altar of an unknown god.
  1000 | D:2      | Reached skill level 1 in Armour
  1000 | D:2      | Reached XP level 3. HP: 30/30 MP: 2/2
  1017 | D:2      | Found a snail-covered altar of Cheibriados.
  1270 | D:2      | Reached XP level 4. HP: 37/37 MP: 3/3
  1901 | D:2      | Noticed a necrophage
  1915 | D:2      | Killed a necrophage
  1916 | D:2      | Reached skill level 5 in Maces & Flails
  1916 | D:2      | Reached XP level 5. HP: 42/45 MP: 4/4
  2139 | D:3      | Noticed Sigmund
  2340 | D:3      | Found a glowing drain.
  2352 | Sewer    | Entered a sewer
  2659 | Sewer    | Reached XP level 6. HP: 34/52 MP: 5/5
  3265 | D:3      | Found an opulent altar of Gozag.
  3419 | D:3      | Killed Sigmund
  3420 | D:3      | Reached skill level 6 in Maces & Flails
  3420 | D:3      | Reached XP level 7. HP: 48/60 MP: 6/6
  3721 | D:4      | Found a staircase to the Ecumenical Temple.
  3760 | Temple   | Entered the Ecumenical Temple
  3796 | Temple   | Became a worshipper of Qazlal Stormbringer
  3844 | D:4      | Found a snail-covered altar of Cheibriados.
  3936 | D:4      | Noticed Menkaure
  3964 | D:5      | Entered Level 5 of the Dungeon
  4043 | D:4      | Killed Menkaure
  4044 | D:4      | Reached skill level 5 in Armour
  4098 | D:4      | Noticed a hornet
  4109 | D:4      | Paralysed by a hornet for 2 turns
  4111 | D:4      | HP: 1/60 [hornet (12)]
  4111 | D:4      | Paralysed by a hornet for 1 turns
  4112 | D:4      | Succumbed to a hornet's poison

Illustrated notes

Levels and vault maps discovered:
D:1:      minmay_arrival_glassed_features, layout_basic, minmay_misc_feat_room,
          lemuel_flame_loot_1
D:2:      minmay_diamond_boxcup, layout_rooms, basic_altar,
          ebering_ecumenical_altar_sacrificial, kennysheep_potato
D:3:      layout_rooms, nicolae_overflow_hidden_temple, portal_sewer_entry_f,
          wander_ebering_terrifying_dragon_lair, uniq_sigmund
D:4:      layout_rooms, nicolae_sif_muna_condensation, cheibriados_altar_1,
          lemuel_tele_altar, mainiacjoe_overflow_concentric_impassable,
          kennysheep_mini, minmay_temple_entry_tees, gammafunk_ghost_smash,
          uniq_robin, uniq_menkaure
D:5:      minmay_angry_zag, layout_cave_pods, general_overflow_altar,
          hangedman_abyss_or_decor_passed
Temple:   nicolae_temple_bog_church

Skill      XL: |  1  2  3  4  5  6  7 |
---------------+----------------------+-----
Maces & Flails | 4 5 6 |  6.9
Armour         | 1 2 3 4 5 |  5.0
Fighting       | 3 4 |  4.4
Dodging        | 4 |  4.4
Throwing       | |  2.4
Stealth        | |  0.6

Action                     |  1- 3 |  4- 6 |  7- 9 || total
---------------------------+-------+-------+-------++-------
  Melee: Flail             |    79 |   163 |    32 ||   274
         Headbutt          |     7 |    17 |     3 ||    27
         Punch             |     2 |     1 |       ||     3
  Throw: Javelin           |       |    10 |     7 ||    17
    Use: Scroll            |       |     8 |     1 ||     9
         Potion            |       |     1 |     2 ||     3
 Armour: Ring mail         |    49 |    28 |       ||    77
         Leather armour    |     2 |       |       ||     2
         Chain mail        |       |    74 |    12 ||    86
         Skin              |       |    28 |       ||    28
  Dodge: Dodged            |    79 |   112 |    19 ||   210

Table legend: (Time is in decaauts)
 A = Elapsed time spent in this place.
 B = Non-inter-level travel time spent in this place.
 C = Inter-level travel time spent in this place.
 D = Time resting spent in this place.
 E = Time spent auto-exploring this place.
 F = Levels seen in this place.
 G = Mean time per level.
                   A        B        C        D        E       F      G
               +--------+--------+--------+--------+--------+-----+--------+
         Total |   4259 |   4159 |    100 |    323 |   2475 |   7 |  608.4 |
       Dungeon |   3400 |   3309 |     91 |    208 |   2070 |   5 |  680.0 |
        Temple |     50 |     41 |      9 |      0 |     19 |   1 |   50.0 |
         Sewer |    809 |    809 |      0 |    115 |    386 |   1 |  809.0 |
               +--------+--------+--------+--------+--------+-----+--------+

Top non-repeatable levels by time:
     D:2: 1169 daAuts
     D:3: 952 daAuts
     D:1: 929 daAuts
   Sewer: 809 daAuts
     D:4: 280 daAuts
     D:5: 68 daAuts
  Temple: 50 daAuts
